 Dungeon Crawl Stone Soup version 0.20-a0-299-gec7c366 (webtiles) character file.

1161 snakesoul the Cleaver (level 8, -5/74 HPs)
             Began as a Minotaur Berserker on Dec 15, 2016.
             Was a Priest of Trog.
             Killed by Freeze
             ... invoked by Ezendos's ghost
              (11 damage)
             ... on level 5 of the Dungeon.
             The game lasted 00:06:23 (3648 turns).

snakesoul the Cleaver (Minotaur Berserker)          Turns: 3648, Time: 00:06:26

Health: -5/74      AC: 10    Str: 20 (21) XL:     8   Next: 16%
Magic:  7/7        EV:  8    Int:  1 (4)  God:    Trog [***...]
Gold:   235        SH:  0    Dex: 10 (13) Spells: 7/7 levels left

rFire  . . .     SeeInvis .     a - +0 hand axe
rCold  . . .     Gourm    .     s - +0 chain mail
rNeg   . . .     Faith    .     (no shield)
rPois  .         Spirit   .     j - +2 hat
rElec  .         Reflect  .     (no cloak)
rCorr  .         Harm     .     (no gloves)
MR     .....                    (no boots)
Stlth  ..........               (no amulet)
                                (no ring)
                                (no ring)

@: exhausted, slowed, very slow
A: retaliatory headbutt, horns 2
a: Berserk, Trog's Hand, Burn Spellbooks, Renounce Religion


You were on level 5 of the Dungeon.
You worshipped Trog.
Trog was most pleased with you.
You were very hungry.

You visited 1 branch of the dungeon, and saw 5 of its levels.

You collected 235 gold pieces.

Inventory:

Hand Weapons
 a - a +0 hand axe (weapon)
Armour
 j - a +2 hat (worn)
 s - a +0 chain mail (worn)
Scrolls
 e - 2 scrolls of amnesia {unknown}
 g - 2 scrolls of fear {unknown}
 i - a scroll of enchant armour {unknown}
 k - 2 scrolls of fog {unknown}
 o - a scroll of noise {unknown}
 r - a scroll of recharging
 t - a scroll of immolation {unknown}
 u - a scroll of teleportation {unknown}
 w - a scroll of identify {unknown}
Potions
 d - a potion of brilliance {unknown}
 l - 2 potions of haste {unknown}
 m - a potion of agility {unknown}
 n - a potion of heal wounds {unknown}
 p - 3 potions of curing {unknown}
 q - 2 potions of degeneration
 v - a potion of mutation {unknown}
Comestibles
 c - 4 bread rations
 f - 2 slices of pizza
 h - 3 meat rations


   Skills:
 + Level 7.7 Fighting
 * Level 10.1 Axes
 - Level 2.4 Armour
 - Level 2.1 Dodging


You had 7 spell levels left.
You didn't know any spells.

Dungeon Overview and Level Annotations

Branches:
Dungeon (5/15)
 Temple: D:4-7

Altars:
Kikubaaqudgha

Annotations:
D:5 2 runed doors, Ezendos's ghost, novice FeIE


Innate Abilities, Weirdness & Mutations

You reflexively headbutt those who attack you in melee.
You have a pair of horns on your head.


Message History

* * * LOW HITPOINT WARNING * * *
As you read the scroll labeled SEIMYIL DOATE, it crumbles to dust.
It is a scroll of recharging.
You aren't carrying any rechargeable items.
Ezendos's ghost hits you but does no damage.
Unknown command.
Unknown command.
Unknown command.
Ezendos's ghost stares at you and mumbles some strange words.
You are frozen.
* * * LOW HITPOINT WARNING * * *
Items here: % ) [[[ รท It was a potion of degeneration.
There was something very wrong with that liquid.
You feel weakened.
You feel dopey.
You feel clumsy. Ezendos's ghost hits you.
* * * LOW HITPOINT WARNING * * *
Ezendos's ghost casts a spell at you.
You are frozen.
You die...

#.........##
#...#......## #.!...
#..####.....# #.s...#
##.# #..##..# ......#
#.# ##.Y# . .p.... #
#.# ##Y## .p..# # #.#
##Y## .p..# ### ##.##
##W####....##
..###...###
##@.#......#
..........##
#.....##...#
##.........# #.....#
.
##.........##...#...#
#
#..........######...#
###########.## #.....
.### .# ..#.... ...#
.###..## ##.## #..


You could see 3 ice beasts and Ezendos's ghost.

Vanquished Creatures
  Pikel (D:5)
  2 slaves (D:5)
  Purgy (D:3)
  A phantom (D:4)
  An ogre (D:4)
  2 orc priests (D:3)
  3 orc wizards
  5 worker ants (D:4)
  A hound skeleton (D:5)
  A worker ant zombie (D:5)
  4 adders
  An ooze (D:4)
  An adder zombie (D:5)
  5 worms
  3 dart slugs
  3 leopard geckos
  5 orcs
  3 ball pythons
  5 giant cockroaches
  7 goblins
  7 hobgoblins
  3 jackals (D:4)
  5 kobolds
  2 quokkas (D:3)
  6 bats
  10 rats
88 creatures vanquished.

Notes
Turn   | Place    | Note
-------+----------+-------------------------------------------
     0 | D:1      | snakesoul the Minotaur Berserker began the quest for the Orb.
     0 | D:1      | Reached XP level 1. HP: 19/19 MP: 0/0
    36 | D:1      | Reached skill level 4 in Axes
    60 | D:1      | Reached XP level 2. HP: 13/27 MP: 1/1
   706 | D:1      | Reached XP level 3. HP: 33/33 MP: 2/2
   846 | D:2      | Reached ** piety under Trog
  1141 | D:2      | Reached skill level 5 in Axes
  1150 | D:2      | You fall through a shaft for 2 floors!
  1162 | D:4      | Reached XP level 4. HP: 28/41 MP: 3/3
  1633 | D:3      | Noticed Purgy
  1639 | D:3      | Killed Purgy
  1639 | D:3      | Reached skill level 5 in Fighting
  1639 | D:3      | Reached skill level 6 in Axes
  1639 | D:3      | Reached XP level 5. HP: 48/48 MP: 4/4
  2307 | D:3      | Found an ancient bone altar of Kikubaaqudgha.
  2618 | D:3      | Reached skill level 7 in Axes
  2618 | D:3      | Reached XP level 6. HP: 54/56 MP: 5/5
  3035 | D:4      | Reached skill level 8 in Axes
  3266 | D:4      | Reached XP level 7. HP: 63/64 MP: 6/6
  3409 | D:5      | Entered Level 5 of the Dungeon
  3423 | D:5      | Found a runed door.
  3441 | D:5      | Found a runed door.
  3528 | D:5      | Noticed Pikel
  3535 | D:5      | Killed Pikel
  3535 | D:5      | Reached skill level 10 in Axes
  3535 | D:5      | Reached XP level 8. HP: 57/74 MP: 7/7
  3538 | D:5      | Reached *** piety under Trog
  3632 | D:5      | Noticed Ezendos's ghost (novice FeIE)
  3648 | D:5      | Killed from afar by Ezendos's ghost

Vault maps used:
D:1:      minmay_arrival_floating_metal
D:2:      minmay_misc_feat_alley, st_stairs_6
D:3:      kiku_gazebo_garden_becter, uniq_purgy
D:4:      first_bread, hangedman_decor_opposing
D:5:      lemuel_insect_pit, nemelex_diamond_rough_becter, uniq_pikel

Skill      XL: |  1  2  3  4  5  6  7 |
---------------+----------------------+-----
Axes           | 4 5 6 7 8 10 | 10.1
Fighting       | 4 5 6 7 |  7.7
Armour         | |  2.4
Dodging        | |  2.1

Action                   |  1- 3 |  4- 6 |  7- 9 || total
-------------------------+-------+-------+-------++-------
Melee: Hand axe          |    69 |   150 |    70 ||   289
       Headbutt          |     8 |    31 |    12 ||    51
Invok: Berserk           |       |     2 |     3 ||     5
  Use: Scroll            |       |       |     1 ||     1
       Potion            |       |       |     1 ||     1
  Eat: Chunk             |     1 |     8 |     3 ||    12
Armor: Animal skin       |    21 |     7 |       ||    28
       Chain mail        |       |    52 |    29 ||    81
Dodge: Dodged            |    49 |    58 |    27 ||   134
